 Dungeon Crawl Stone Soup version 0.21.1-1-g345015f (webtiles) character file.

40608 dvd the Peltast (level 13, -2/104 HPs)
             Began as a Minotaur Fighter on June 11, 2018.
             Was the Champion of Hepliaklqana.
             Slain by a hog (3 damage)
             ... led by Kirke
             ... on level 5 of the Lair of Beasts.
             The game lasted 00:53:05 (13760 turns).

dvd the Peltast (Minotaur Fighter)                 Turns: 13760, Time: 00:53:05

Health: -2/104     AC:  0    Str: 22    XL:     13   Next: 75%
Magic:  12/12      EV: 18    Int:  7    God:    Hepliaklqana [******]
Gold:   1098       SH:  0    Dex: 14    Spells: 9/12 levels left

rFire    . . .     SeeInvis .   (weapon currently unavailable)
rCold    . . .     Gourm    .   (shield currently unavailable)
rNeg     . . .     Faith    .   (armour currently unavailable)
rPois    .         Spirit   .   (helmet currently unavailable)
rElec    .         Reflect  .   (cloak currently unavailable)
rCorr    .         Harm     .   (gloves currently unavailable)
MR       .....     Clarity  +   (boots currently unavailable)
Stlth    ++........             n - amulet of regeneration
HPRegen  0.67/turn              (ring currently unavailable)
MPRegen  0.13/turn              (ring currently unavailable)

@: lethally poisoned (-2 -> -7), about to teleport, pig-form, very quick
A: small, (retaliatory headbutt), reduced essence, clarity, clever 1
a: Recall Ancestor, Ancestor Identity, Transference, Idealise, Renounce Religion


You were on level 5 of the Lair of Beasts.
You worshipped Hepliaklqana.
Hepliaklqana was exalted by your worship.
You were not hungry.
You were a filthy swine.
You visited 3 branches of the dungeon, and saw 17 of its levels.
You also visited: Ossuary and Volcano.

You collected 1098 gold pieces.

Inventory:

Hand Weapons
 a - a +2 hand axe of venom
 b - a +4 flail of holy wrath
 I - the +7 flail of Resourcefulness (melded) {vamp, rPois rC+ Int+3 Dex-5}
   (You found it on level 6 of the Dungeon)

   It inflicts no extra harm, but heals its wielder when it wounds a living foe.
   It affects your intelligence (+3).
   It affects your dexterity (-5).
   It protects you from cold.
   It protects you from poison.
 P - a +1 mace of flaming
Missiles
 A - 23 tomahawks (quivered)
 M - 12 javelins
 U - 3 tomahawks of returning
Armour
 p - a +3 chain mail of cold resistance
 Q - a +3 chain mail of fire resistance (melded)
 R - the +2 pair of gloves "Xicronar" (melded) {rElec rN+ Str+2 Int-2}
   (You acquired it on level 8 of the Dungeon)

   It affects your strength (+2).
   It affects your intelligence (-2).
   It insulates you from electricity.
   It protects you from negative energy.
 S - a +2 cloak (melded)
 V - a +2 large shield (melded)
Jewellery
 l - an uncursed ring of positive energy
 n - an amulet of regeneration (around neck)
 r - a ring of resist corrosion (melded)
 K - a ring of see invisible (melded)
 N - an uncursed amulet of magic regeneration
 X - an uncursed ring of protection from fire
Wands
 c - a wand of paralysis (9)
 s - a wand of digging (18)
 v - a wand of flame (49)
 H - a wand of iceblast (6)
 W - a wand of random effects (48)
Scrolls
 d - 7 scrolls of enchant weapon
 h - a scroll of holy word
 j - 7 scrolls of teleportation
 m - 9 scrolls of remove curse
 q - 2 scrolls of immolation
 u - 4 scrolls of fear
 y - 9 scrolls of identify
 B - 5 scrolls of fog
 C - 2 scrolls of enchant armour
 E - 2 scrolls of amnesia
 L - 2 scrolls of blinking
 T - a scroll of brand weapon
Potions
 e - 4 potions of heal wounds
 i - 7 potions of flight
 k - 4 potions of curing
 o - a potion of lignification
 t - 2 potions of magic
 w - 2 potions of cancellation
 x - a potion of ambrosia {unknown}
 z - a potion of haste
 D - 4 potions of agility
 F - a potion of brilliance
 J - 2 potions of resistance
 O - 6 potions of mutation
 Y - a potion of might
 Z - a potion of berserk rage
Comestibles
 f - 22 rations
 g - 7 chunks of flesh


   Skills:
 + Level 11.5 Fighting
 + Level 9.6(13.0) Axes
 + Level 14.1(15.1) Maces & Flails
 + Level 1.9 Throwing
 + Level 11.0 Armour
 + Level 5.8 Dodging
 + Level 2.9 Stealth
 + Level 15.1 Shields
 + Level 0.6 Evocations


You had 9 spell levels left.
You knew the following spells:

 Your Spells              Type           Power        Failure   Level  Hunger
a - Regeneration          Chrm/Necr      #.........   80%         3    ####...


Dungeon Overview and Level Annotations

Branches:
Dungeon (11/15)            Temple (1/1) D:7            Lair (5/6) D:11
  Swamp (0/4) Lair:2        Snake (0/4) Lair:4          Orc (0/2) D:11
  Slime: Lair:5-6

Altars:
Ashenzari
Cheibriados
Dithmenos
Elyvilon
Fedhas
Gozag
Hepliaklqana
Kikubaaqudgha
Makhleb
Nemelex Xobeh
Okawaru
Qazlal
Ru
Sif Muna
Trog
Uskayaw
Vehumet
Wu Jian
Xom
Yredelemnul
Zin
The Shining One

Shops:
D:10 [

Annotations:
Lair:5 Kirke


Innate Abilities, Weirdness & Mutations

((You reflexively headbutt those who attack you in melee.))
((You have a pair of horns on your head.))
Your life essence is reduced to manifest your ancestor. (-10% HP)
((You are partially covered in iridescent scales. (AC +2)))
You possess an exceptional clarity of mind.
Your mind is acute. (Int +2)
((Your movements are slightly less encumbered by armour. (ER -2)))


Message History

Khenut casts a spell at the hog.
The hog resists with significant effort.
The hog bites you! Something hits you! The hog bites you!
You hit something but do no damage.
You feel sick. The hog closely misses you. x2
The spiny frog stings you.
Khenut casts a spell at the hog.
The hog appears confused.
You hear some strange, mumbled words.
Something summons a lindwurm!
As you read the scroll of teleportation, it crumbles to dust.
You feel strangely unstable.
You feel sick. The hog misses you. The hog closely misses you.
The hog completely misses you. The spiny frog stings you!!
* * * LOW HITPOINT WARNING * * *
The hog bites you!
* * * LOW HITPOINT WARNING * * *
Something hits you!
* * * LOW HITPOINT WARNING * * *
The hog bites you.
You die...

##### ### ......## #.##
........ #..#######
......#.##..##..P.## ###
./.....#.#...#.....###.#
......h....รท.......PP.#.
.......R..............P.
......Fh........#.P.....
....kh{h......PP........
......hh...#...P....PP..
..........#.........PP..
........####............
.......## .............
....... .............
.....P# .. ...... ......


You could see the friendly Khenut the hexer, a lindwurm, a spiny frog and 5
hogs.

Vanquished Creatures
  Snorg (Lair:5)
  5 hydras
  Erica (D:11)
  3 two-headed ogres
  The ghost of Kagorn the Fighter, a journeyman GrBe of Trog (D:10)
  Urug (D:11)
  Sonja (Lair:1)
  A fire crab (Lair:3)
  A lindwurm (Lair:5)
  A salamander (Volcano)
  3 oklob plants (Lair:3)
  2 manticores (D:11)
  3 elephants (Lair:4)
  2 black mambas
  A gargoyle (D:10)
  7 spiny frogs
  7 komodo dragons
  The ghost of inc the Insei, a novice OpTm of Makhleb (D:5)
  A rime drake (Lair:4)
  3 blink frogs (Lair:3)
  3 hippogriffs
  The ghost of inc the Changer, an amateur OpTm (D:4)
  3 basilisks
  2 wyverns
  33 yaks
  3 fire bats (Volcano)
  A hog (Lair:5)
  A hungry ghost (D:10)
  Menkaure (D:5)
  Edmund (D:3)
  8 vampire mosquitoes (Lair:4)
  2 nagas (Lair:4)
  A soldier ant (D:11)
  An acid dragon (D:11)
  A hell hound (Volcano)
  2 insubstantial wisps (Lair:4)
  6 water moccasins
  10 porcupines
  4 sky beasts
  An orc warrior (D:10)
  4 ogres
  3 ice beasts
  9 wolves (Lair:2)
  3 phantoms
  13 centaurs
  17 crocodiles
  2 big kobolds
  A gnoll sergeant (D:10)
  Dowan (D:7)
  5 bullfrogs
  15 scorpions
  4 killer bees (D:9)
  11 wights
  An electric eel (Lair:2)
  5 howler monkeys
  2 crimson imps
  2 centaur zombies
  A quasit (D:5)
  5 jellies
  A bullfrog zombie (D:5)
  3 hounds
  4 orc priests
  2 bullfrog skeletons
  A human zombie (Ossuary)
  10 orc wizards
  5 iguanas
  Ijyb (D:4)
  Terence (D:2)
  4 hell rats (Lair:1)
  3 worker ants
  A big kobold zombie (Ossuary)
  A hound skeleton (D:7)
  A hound zombie (D:9)
  A mummy (Ossuary)
  3 worker ant zombies
  3 gnolls (D:10)
  5 scorpion zombies (Ossuary)
  12 adders
  3 river rats (Lair:1)
  2 shadow imps
  4 oozes (D:8)
  2 adder zombies
  4 worms
  A dart slug (D:4)
  6 leopard geckos
  27 orcs
  A ball python (D:3)
  6 bats
  4 giant cockroaches
  A gnoll zombie (Ossuary)
  10 goblins
  7 hobgoblins
  9 jackals
  17 kobolds
  6 quokkas
  6 frilled lizards
  2 goblin zombies (Ossuary)
  2 hobgoblin zombies (Ossuary)
  A kobold zombie (Ossuary)
  A leopard gecko skeleton (D:5)
  2 orc zombies (Ossuary)
  13 rats
  A butterfly (Lair:1)
  2 plants (Lair:4)
437 creatures vanquished.

Vanquished Creatures (collateral kills)
  A salamander (Volcano)
  2 black mambas
  A spiny frog (Lair:3)
  A troll (D:10)
  5 yaks
  A water moccasin (Lair:1)
  2 porcupines
  Duvessa (D:7)
  An orc warrior (D:10)
  2 ice beasts
  An ogre (D:9)
  A wolf (Lair:2)
  2 crocodiles
  4 bullfrogs
  A scorpion (Ossuary)
  A killer bee (D:9)
  2 wights
  A crimson imp (D:6)
  A human zombie (Ossuary)
  An orc priest (D:7)
  2 jellies
  An orc wizard (D:10)
  A hell rat (Lair:1)
  A worker ant (D:6)
  An iguana (D:8)
  A mummy (Ossuary)
  A gnoll (D:10)
  A shadow imp (D:10)
  An ooze (D:8)
  2 orcs
  A gnoll zombie (Ossuary)
  2 hobgoblin zombies (Ossuary)
  3 kobolds
  A rat (Lair:1)
  A butterfly (Lair:1)
52 creatures vanquished.

Vanquished Creatures (others)
  7 hexers
  An ancestor (D:6)
  A mummy (Ossuary)
  6 fungi
  13 plants (D:11)
28 creatures vanquished.

Grand Total: 517 creatures vanquished

Notes
Turn   | Place    | Note
-------+----------+-------------------------------------------
     0 | D:1      | dvd the Minotaur Fighter began the quest for the Orb.
     0 | D:1      | Reached XP level 1. HP: 19/19 MP: 0/0
   301 | D:1      | Reached XP level 2. HP: 27/27 MP: 1/1
   952 | D:2      | Reached XP level 3. HP: 33/33 MP: 2/2
  1098 | D:2      | Noticed Terence
  1109 | D:2      | Killed Terence
  1109 | D:2      | Reached skill level 4 in Shields
  1186 | D:2      | Reached XP level 4. HP: 41/41 MP: 3/3
  1873 | D:3      | Reached XP level 5. HP: 47/47 MP: 4/4
  2285 | D:3      | Found a bloodstained altar of Trog.
  2286 | D:3      | Found a white marble altar of Elyvilon.
  2523 | D:4      | Noticed inc's ghost (amateur OpTm)
  2527 | D:4      | Noticed Edmund
  2576 | D:3      | Killed Edmund
  2576 | D:3      | Reached skill level 5 in Fighting
  2576 | D:3      | Reached skill level 5 in Axes
  2576 | D:3      | Reached skill level 1 in Dodging
  2576 | D:3      | Reached XP level 6. HP: 22/56 MP: 5/5
  2788 | D:4      | Killed inc's ghost
  2788 | D:4      | Reached skill level 5 in Armour
  2788 | D:4      | Reached skill level 5 in Shields
  2824 | D:4      | Noticed Ijyb
  2834 | D:4      | Killed Ijyb
  2893 | D:4      | Found a deep blue altar of Sif Muna.
  2927 | D:4      | Reached XP level 7. HP: 61/61 MP: 6/6
  3131 | D:5      | Entered Level 5 of the Dungeon
  3151 | D:5      | Reached skill level 1 in Maces & Flails
  3214 | D:5      | Noticed Menkaure
  3219 | D:5      | Noticed inc's ghost (novice OpTm)
  3257 | D:5      | Killed Menkaure
  3265 | D:5      | Reached XP level 8. HP: 6/70 MP: 7/7
  3634 | D:5      | Killed inc's ghost
  3634 | D:5      | Reached skill level 6 in Shields
  4005 | D:5      | Found a hide-covered altar of Uskayaw.
  4293 | D:6      | Reached XP level 9. HP: 61/78 MP: 8/8
  4357 | D:6      | Found a hazy altar of Hepliaklqana.
  4361 | D:6      | Found a blossoming altar of Fedhas.
  4362 | D:6      | Found a radiant altar of Vehumet.
  4362 | D:6      | Found a sacrificial altar of Ru.
  4362 | D:6      | Found a stormy altar of Qazlal.
  4365 | D:6      | Found a shattered altar of Ashenzari.
  4367 | D:6      | Found an ornate altar of the Wu Jian Council.
  4392 | D:6      | Became a worshipper of Hepliaklqana the Forgotten
  4526 | D:6      | Reached skill level 7 in Shields
  4785 | D:6      | Reached skill level 5 in Maces & Flails
  4838 | D:6      | Got a smoking flail
  4858 | D:6      | Identified the +7 flail of Resourcefulness {vamp, rPois rC+ Int+3 Dex-5} (You found it on level 6 of the Dungeon)
  5202 | D:7      | Noticed Duvessa
  5208 | D:7      | Noticed Dowan
  5208 | D:7      | Killed Duvessa
  5213 | D:7      | Killed Dowan
  5242 | D:7      | Reached * piety under Hepliaklqana
  5338 | D:7      | Found a staircase to the Ecumenical Temple.
  5345 | Temple   | Entered the Ecumenical Temple
  5621 | D:7      | Reached skill level 8 in Shields
  5935 | D:8      | Found a sand-covered staircase.
  5955 | D:8      | Found a glowing golden altar of the Shining One.
  6043 | Ossuary  | Entered an ossuary
  6105 | Ossuary  | Reached XP level 10. HP: 70/77 MP: 9/9
  6487 | D:8      | Found a shimmering altar of Xom.
  6490 | D:8      | Found a shimmering altar of Xom.
  6547 | D:8      | Found a shimmering altar of Xom.
  6577 | D:8      | Identified a scroll of acquirement
  6578 | D:8      | Got a pair of warped gloves
  6589 | D:8      | Identified the +2 pair of gloves "Xicronar" {rElec rN+ Str+2 Int-2} (You acquired it on level 8 of the Dungeon)
  6606 | D:8      | Reached ** piety under Hepliaklqana
  6607 | D:8      | Remembered your ancestor Khenut as a hexer
  7196 | D:9      | Noticed a two-headed ogre
  7204 | D:9      | Killed a two-headed ogre
  7204 | D:9      | Reached skill level 1 in Stealth
  7204 | D:9      | Reached skill level 9 in Shields
  7427 | D:9      | Reached *** piety under Hepliaklqana
  7447 | D:9      | Reached skill level 10 in Maces & Flails
  7714 | D:9      | Found a glowing golden altar of the Shining One.
  7837 | D:9      | Reached XP level 11. HP: 81/84 MP: 10/10
  7899 | D:10     | Entered Level 10 of the Dungeon
  7951 | D:10     | Reached skill level 10 in Shields
  8102 | D:10     | Noticed Kagorn's ghost (journeyman GrBe)
  8135 | D:10     | Killed Kagorn's ghost
  8176 | D:10     | Found Tatoroeg's Antique Armour Boutique.
  8284 | D:10     | Noticed a two-headed ogre
  8290 | D:10     | Killed a two-headed ogre
  8290 | D:10     | Reached skill level 11 in Shields
  8618 | D:10     | Gained mutation: Your body sometimes deteriorates upon taking damage. [potion of mutation]
  8618 | D:10     | Gained mutation: You are occasionally teleported next to monsters. [potion of mutation]
  8618 | D:10     | Gained mutation: You are resistant to hostile enchantments. (MR+) [potion of mutation]
  8619 | D:10     | Lost mutation: Your body sometimes deteriorates upon taking damage. [potion of mutation]
  8619 | D:10     | Lost mutation: You are resistant to hostile enchantments. (MR+) [potion of mutation]
  8619 | D:10     | Lost mutation: You are occasionally teleported next to monsters. [potion of mutation]
  8619 | D:10     | Gained mutation: Your mind is acute. (Int +2) [potion of mutation]
  8619 | D:10     | Gained mutation: You possess an exceptional clarity of mind. [potion of mutation]
  8619 | D:10     | Gained mutation: You are partially covered in iridescent scales. (AC +2) [potion of mutation]
  8619 | D:10     | Gained mutation: Your movements are slightly less encumbered by armour. (ER -2) [potion of mutation]
  8632 | D:11     | Noticed a four-headed hydra
  8638 | D:11     | Killed a four-headed hydra
  8660 | D:11     | Reached skill level 1 in Throwing
  8764 | D:11     | Noticed Erica
  8787 | D:11     | Killed Erica
  8814 | D:11     | Noticed an eight-headed hydra
  8820 | D:11     | Noticed Urug
  8832 | D:11     | Killed an eight-headed hydra
  8852 | D:11     | Reached XP level 12. HP: 85/93 MP: 11/11
  8871 | D:11     | Reached skill level 12 in Shields
  8912 | D:11     | Killed Urug
  9203 | D:11     | Found a staircase to the Orcish Mines.
  9328 | D:11     | Reached **** piety under Hepliaklqana
  9414 | D:11     | Found a staircase to the Lair.
  9517 | Lair:1   | Entered Level 1 of the Lair of Beasts
  9870 | Lair:1   | Noticed Sonja
  9880 | Lair:1   | Killed Sonja
 10002 | Lair:1   | Reached skill level 10 in Fighting
 10444 | Lair:2   | Learned a level 3 spell: Regeneration
 10495 | Lair:2   | Reached skill level 10 in Armour
 10500 | Lair:2   | Reached skill level 13 in Shields
 10735 | Lair:2   | Reached ***** piety under Hepliaklqana
 10881 | Lair:2   | Found a staircase to the Swamp.
 10883 | Lair:2   | Noticed a six-headed hydra
 10893 | Lair:2   | Killed a six-headed hydra
 11268 | Lair:3   | Found a dark tunnel.
 11290 | Volcano  | Entered a volcano
 11356 | Volcano  | Noticed a two-headed ogre
 11363 | Volcano  | Killed a two-headed ogre
 11370 | Volcano  | Reached skill level 5 in Dodging
 11698 | Lair:3   | Noticed a five-headed hydra
 11702 | Lair:3   | Reached XP level 13. HP: 93/102 MP: 12/12
 12705 | Lair:4   | Reached skill level 14 in Shields
 12766 | Lair:4   | Got a pitted ruby amulet
 12769 | Lair:4   | Identified the amulet "Mirphyuwn" {Harm *Drain rC+} (You acquired it on level 4 of the Lair of Beasts)
 12828 | Lair:4   | Found a staircase to the Snake Pit.
 13450 | Lair:5   | Noticed Snorg
 13461 | Lair:5   | Killed Snorg
 13461 | Lair:5   | Reached skill level 15 in Shields
 13670 | Lair:5   | Reached ****** piety under Hepliaklqana
 13745 | Lair:5   | Noticed Kirke
 13760 | Lair:5   | HP: 1/104 [something (15)]
 13760 | Lair:5   | Slain by a hog

Skill      XL: |  1  2  3  4  5  6  7  8  9 10 11 12 13 |
---------------+----------------------------------------+-----
Armour         | 4 5 6 7 8 9 10 11 | 11.0
Fighting       | 4 5 6 7 8 9 10 11 | 11.5
Axes           | 3 4 5 6 8 9 |  9.6
Shields        | 4 5 6 8 9 11 13 15 | 15.1
Dodging        | 1 2 3 4 5 |  5.8
Maces & Flails | 2 4 6 10 12 13 14 | 14.1
Stealth        | 1 2 |  2.9
Throwing       | 1 |  1.9
Evocations     | |  0.6

Action                   |  1- 3 |  4- 6 |  7- 9 | 10-12 | 13-15 || total
-------------------------+-------+-------+-------+-------+-------++-------
Melee: War axe           |    76 |    83 |       |       |       ||   159
       Headbutt          |    13 |    23 |    46 |   133 |    64 ||   279
       Hand axe          |       |    47 |    92 |       |       ||   139
       Flail             |       |    15 |   151 |   739 |   298 ||  1203
       Unarmed           |       |       |       |       |     2 ||     2
Throw: Tomahawk          |       |       |     2 |    20 |     6 ||    28
Invok: Ancestor Identity |       |       |     1 |       |       ||     1
       Ancestor Life: He |       |       |       |     1 |       ||     1
       Recall Ancestor   |       |       |       |     4 |       ||     4
Evoke: Wand              |       |       |       |     5 |     3 ||     8
  Use: Potion            |       |     1 |       |    13 |       ||    14
       Scroll            |       |       |     5 |    13 |     7 ||    25
 Stab: Distracted        |       |       |       |     3 |     1 ||     4
       Confused          |       |       |       |     4 |       ||     4
  Eat: Chunk             |     1 |     5 |     9 |    19 |     7 ||    41
       Ration            |       |       |     2 |       |       ||     2
Armor: Chain mail        |    43 |    83 |   124 |   222 |   152 ||   624
       Scale mail        |     3 |       |       |       |       ||     3
Dodge: Dodged            |    16 |    36 |    53 |   106 |    75 ||   286
Block: Shield            |    39 |    63 |   155 |    47 |       ||   304
       Large shield      |       |       |       |   560 |   342 ||   902
